 Dungeon Crawl Stone Soup version 0.19.4-8-ga85b6b9 (webtiles) character file.

854 empire the Cutter (level 7, -5/61 HPs)
             Began as a Purple Draconian Monk on Feb 14, 2017.
             Slain by an ogre
             ... wielding a +0 giant club
              (22 damage)
             ... on level 5 of the Dungeon.
             The game lasted 00:13:06 (5278 turns).

empire the Cutter (Purple Draconian Monk)           Turns: 5278, Time: 00:13:07

Health: -5/61      AC:  6    Str: 14    XL:     7   Next: 70%
Magic:  7/7        EV: 14    Int: 10    God:
Gold:   307        SH:  0    Dex: 15    Spells: 0 memorised, 6 levels left

rFire  . . .     SeeInvis .     a - +0 short sword
rCold  . . .     Gourm    .     (armour unavailable)
rNeg   . . .     Faith    .     (no shield)
rPois  .         Spirit   .     (helmet restricted)
rElec  .         Reflect  .     (no cloak)
rCorr  .         Harm     .     (no gloves)
MR     ++...                    (no boots)
Stlth  +++.......               (no amulet)
                                (no ring)
                                g - ring of protection from magic

@: short of breath
A: breathe power, unfitting armour, cold-blooded, AC +6
a: Breathe Dispelling Energy


You were on level 5 of the Dungeon.
You were hungry.

You visited 1 branch of the dungeon, and saw 6 of its levels.
You also visited: Ossuary.

You collected 307 gold pieces.

Inventory:

Hand Weapons
 a - a +0 short sword (weapon)
 t - a +0 morningstar
Jewellery
 g - a ring of protection from magic (left hand)
Wands
 m - a wand of disintegration (8/24)
Scrolls
 c - 2 scrolls of fear {unknown}
 d - 2 scrolls of random uselessness {unknown}
 e - a scroll of enchant weapon {unknown}
 h - a scroll of remove curse {unknown}
 j - 2 scrolls of teleportation {unknown}
 k - a scroll of fog {unknown}
 n - 6 scrolls of identify {unknown}
 r - a scroll of amnesia {unknown}
 s - a scroll of blinking {unknown}
 v - a scroll of enchant armour {unknown}
Potions
 f - 2 potions of curing
 o - a potion of flight
Books
 q - a book of Cantrips

   Spells                             Type                      Level
   a - Confusing Touch                Hexes                        1
   b - Animate Skeleton               Necromancy                   1
   c - Summon Small Mammal            Summoning                    1
   d - Apportation                    Translocation                1
Comestibles
 b - 4 bread rations
 i - 2 meat rations
 l - a beef jerky
 p - 2 royal jellies


   Skills:
 + Level 5.3 Fighting
 + Level 5.7 Short Blades
 + Level 4.4 Dodging
 + Level 4.9 Stealth
 + Level 0.0 Evocations


You had 6 spell levels left.
You didn't know any spells.

Dungeon Overview and Level Annotations

Branches:
Dungeon (6/15)
 Temple: D:4-7

Altars:
Nemelex Xobeh

Annotations:
D:3 Paps's ghost, amateur TrFi
D:4 empire's ghost, amateur DrMo


Innate Abilities, Weirdness & Mutations

You can breathe bolts of dispelling energy.
Your rich purple scales are hard. (AC +6)
You cannot fit into any form of body armour.
You are cold-blooded and may be slowed by cold attacks.


Message History

The ogre is heavily wounded.
The ogre hits you with a giant club!!
* * * LOW HITPOINT WARNING * * *
The leopard gecko misses you. The leopard gecko bites you.
* * * LOW HITPOINT WARNING * * *
The leopard gecko completely misses you.
The leopard gecko closely misses you.
Press: ? - help, Shift-Dir - straight line, f - ogre
Aim: an ogre, wielding a giant club (heavily wounded)
You breathe a bolt of dispelling energy.
The bolt of dispelling energy hits the leopard gecko.
You kill the leopard gecko!
The bolt of dispelling energy hits the ogre.
The ogre is almost dead.
You are feeling hungry.
You hit the ogre.
The ogre is almost dead.
The ogre hits you with a giant club!!
You die...

....######<......####
##########.#.................#
...............(...####......#
#................#..)))......#
..########.#####.#########.#.#
#..# #.## #.#[# ##†# #..### #...#
#.#####.[)#### ###..
#.O@.>###)...## #.#
#####.........####.. #
####.........### # #.......#..#
### #######.......##.##
'.#############...>........###.<#
#......)........######.....####.#
##########.....## #......)# #>#
#..............# #.......# #..


You could see an ogre.

Vanquished Creatures
  Sigmund (D:5)
  2 elf zombies (Ossuary)
  2 centaur zombies (Ossuary)
  A hound (D:5)
  2 orc priests
  2 bullfrog skeletons
  An iguana (D:4)
  An orc wizard (D:3)
  A worker ant (D:3)
  A hound skeleton (D:4)
  3 mummies (Ossuary)
  7 adders
  3 oozes
  4 adder zombies (Ossuary)
  4 worms
  3 dart slugs
  4 leopard geckos
  12 orcs
  3 bats
  15 giant cockroaches
  8 goblins
  6 hobgoblins
  5 jackals
  4 ball pythons
  3 frilled lizards
  11 goblin zombies
  3 hobgoblin zombies (Ossuary)
  3 jackal zombies (Ossuary)
  4 kobolds (D:2)
  A kobold zombie (Ossuary)
  3 orc zombies (Ossuary)
  A quokka skeleton (D:4)
  2 quokka zombies (Ossuary)
  11 rats
  5 rat zombies
142 creatures vanquished.

Notes
Turn   | Place    | Note
-------+----------+-------------------------------------------
     0 | D:1      | empire the Draconian Monk began the quest for the Orb.
     0 | D:1      | Reached XP level 1. HP: 19/19 MP: 1/1
    24 | D:1      | You fall through a shaft!
   198 | D:1      | Reached XP level 2. HP: 26/26 MP: 2/2
   726 | D:1      | Reached XP level 3. HP: 31/31 MP: 3/3
  1502 | D:3      | Reached XP level 4. HP: 32/38 MP: 4/4
  1527 | D:3      | Noticed Paps's ghost (amateur TrFi)
  1680 | D:3      | Reached XP level 5. HP: 23/45 MP: 5/5
  2692 | D:4      | Noticed empire's ghost (amateur DrMo)
  2705 | D:5      | Entered Level 5 of the Dungeon
  2705 | D:5      | Noticed Sigmund
  2750 | D:5      | Found a sand-covered staircase.
  2758 | Ossuary  | Entered an ossuary
  2924 | Ossuary  | Reached XP level 6. HP: 40/52 MP: 6/6
  3389 | Ossuary  | Reached skill level 5 in Short Blades
  3776 | Ossuary  | Your scales start taking on a rich purple colour.
  3776 | Ossuary  | Reached XP level 7. HP: 17/60 MP: 7/7
  4029 | D:5      | Killed Sigmund
  4029 | D:5      | Reached skill level 5 in Fighting
  4927 | D:4      | Found a sparkling altar of Nemelex Xobeh.
  5278 | D:5      | Slain by an ogre

Skill      XL: |  1  2  3  4  5  6  7 |
---------------+----------------------+-----
Stealth        | 2 3 4 |  4.9
Short Blades   | 4 5 |  5.7
Dodging        | 3 4 |  4.4
Fighting       | 4 5 |  5.3

Action                   |  1- 3 |  4- 6 |  7- 9 || total
-------------------------+-------+-------+-------++-------
Melee: Short sword       |   161 |   419 |   120 ||   700
       Tailslap          |    16 |    60 |    21 ||    97
 Abil: Breathe Dispellin |       |       |     4 ||     4
  Use: Potion            |       |     8 |     1 ||     9
 Stab: Sleeping          |     4 |     4 |     4 ||    12
       Distracted        |       |     1 |       ||     1
       Invisible         |       |       |     1 ||     1
  Eat: Chunk             |     1 |     4 |     2 ||     7
       Beef jerky        |       |     2 |       ||     2
       Meat ration       |       |     1 |       ||     1
Armor: Skin              |    38 |   106 |    30 ||   174
Dodge: Dodged            |   100 |   295 |    82 ||   477
